 Dungeon Crawl Stone Soup version 0.28-a0-726-g4a9143789a (webtiles) character file.

Game seed: 17877103385853525873

306 cheechan the Chopper (level 6, -3/57 HPs)
             Began as a Naga Chaos Knight on Oct 27, 2021.
             Was a Plaything of Xom.
             Slain by a phantom (4 damage)
             ... on level 5 of the Dungeon.
             The game lasted 00:07:50 (2171 turns).

cheechan the Chopper (Naga Chaos Knight)            Turns: 2171, Time: 00:07:52

Health: -3/57      AC:  5    Str: 17    XL:     6   Next: 39%
Magic:  6/6        EV:  9    Int: 12    God:    Xom [..*...]
Gold:   142        SH:  0    Dex: 10    Spells: 5/5 levels left

rFire   . . .      SeeInvis +   a - +0 hand axe (chaos)
rCold   . . .      Faith    .   (no shield)
rNeg    . . .      Spirit   .   b - +2 leather armour
rPois   +          Reflect  .   (no helmet)
rElec   .          Harm     .   (no cloak)
rCorr   .          Rampage  .   (no gloves)
Will    .....                   (no barding)
Stlth   +.........              (no amulet)
HPRegen 0.19/turn               (no ring)
MPRegen 0.10/turn               (no ring)

@: very slow
A: AC +2, large, see invisible, deformed body, poison resistance, slowness 2,
spit poison 1, naga tail 1
a: Spit Poison, Renounce Religion


You were on level 5 of the Dungeon.
You worshipped Xom.
You were a toy of Xom.
You visited 1 branch of the dungeon, and saw 4 of its levels.

You collected 142 gold pieces.

Inventory:

Hand Weapons
 a - a +0 hand axe of chaos (weapon)
 f - a +0 broad axe
 i - a +2 dagger of speed
 j - a +0 war axe
Missiles
 c - 79 stones
 d - 11 poisoned darts
 e - 8 arrows
 h - 33 bolts
 k - 2 boomerangs
Armour
 b - a +2 leather armour (worn)
Scrolls
 g - a scroll of blinking {unknown}
 l - a scroll of amnesia


   Skills:
 + Level 4.1 Fighting
 + Level 4.9 Axes
 + Level 2.9 Armour
 + Level 2.0 Dodging
 + Level 1.2 Stealth


You had 5 spell levels left.
You didn't know any spells.
Your spell library was empty.

Dungeon Overview and Level Annotations

Branches:
Dungeon (3/15)

Altars:
Qazlal
Xom

Shops:
D:1 ?


Innate Abilities, Weirdness & Mutations

Your serpentine skin is tough. (AC +2)
You have supernaturally acute eyesight. (SInv)
Armour fits poorly on your strangely shaped body.
Your system is resistant to poisons. (rPois)
You cover ground very slowly.
You can spit poison.
You have a snake-like lower body.


Message History

The water moccasin zombie is heavily damaged.
You hit the phantom but do no damage.
The water moccasin zombie bites you but does no damage. x2
The phantom completely misses you.
You slash the water moccasin zombie!
Lightning courses through the water moccasin zombie!!
You destroy the water moccasin zombie!
You barely miss the phantom.
The phantom hits you but does no damage.
Your Dodging skill increases to level 2!
You miss the phantom.
The phantom is moderately damaged.
The phantom is engulfed in seething chaos.
The phantom hits you.
You hit the phantom.
The phantom flickers and vanishes for a moment.
The phantom is moderately damaged.
The phantom is engulfed in seething chaos.
The phantom seems to grow stronger.
The phantom hits you.
You hit the phantom.
The phantom is heavily damaged.
The phantom is engulfed in seething chaos.
The phantom seems to speed up.
The phantom barely misses you.
You barely miss the phantom.
The phantom is heavily damaged.
The phantom is engulfed in seething chaos.
The phantom hits you.
The phantom blinks!
You blink.
The phantom hits you!
* * * LOW HITPOINT WARNING * * *
You emit a cloud of colourful smoke!
You closely miss the phantom.
The phantom is heavily damaged.
The phantom hits you.
* * * LOW HITPOINT WARNING * * *
You miss the phantom.
The phantom is heavily damaged.
The phantom hits you.
* * * LOW HITPOINT WARNING * * *
The phantom hits you.
You die...
Xom roars with laughter!

# #.. ..# ### .#...
...#... .. .....
......# #.# ##.#.
.#... #.###
.....###...# ####....
####......# #.......
.....§#...# #.......
#######W§§..#
#.......
.....§§@§...#
#.....†.
#######§#...#
#....... #..#...#
#.......
....#...#####[......
###..#.......'.......
#..#..######.......
#..#..# #.......
#....[...# ########
#..#..##.#


You could see a phantom (fast, strong, invisible).

Vanquished Creatures
  A scorpion (D:5)
  A water moccasin zombie (D:5)
  A howler monkey (D:5)
  Terence (D:3)
  An iguana (D:5)
  Natasha (D:2)
  2 adders (D:2)
  A worm (D:3)
  4 dart slugs
  An orc (D:3)
  5 ball pythons
  2 bats (D:1)
  7 endoplasms
  2 giant cockroaches
  4 goblins
  A hobgoblin (D:1)
  4 jackals (D:2)
  4 kobolds (D:1)
  3 quokkas
  2 frilled lizards (D:1)
  4 rats (D:1)
52 creatures vanquished.

Notes
Turn   | Place    | Note
-------+----------+-------------------------------------------
     0 | D:1      | cheechan the Naga Chaos Knight began the quest for the Orb.
     0 | D:1      | Reached XP level 1. HP: 21/21 MP: 1/1
    49 | D:1      | XOM: silly message
   196 | D:1      | Reached XP level 2. HP: 25/28 MP: 2/2
   271 | D:1      | Found a faded altar of an unknown god.
   385 | D:1      | XOM: silly message
   418 | D:1      | Found Jeet's Magic Scroll Shop.
   503 | D:1      | Reached XP level 3. HP: 33/34 MP: 3/3
   557 | D:1      | XOM: silly message
   564 | D:1      | Reached skill level 1 in Dodging
   758 | D:1      | XOM: god gift: 14 gold pieces
  1190 | D:2      | Reached XP level 4. HP: 25/42 MP: 4/4
  1419 | D:2      | Found a shimmering altar of Xom.
  1482 | D:2      | Noticed Natasha
  1486 | D:2      | Killed Natasha
  1495 | D:2      | XOM: 1-stop teleportation journey
  1590 | D:3      | Noticed Terence
  1598 | D:3      | Killed Terence
  1599 | D:3      | Reached XP level 5. HP: 40/49 MP: 5/5
  1867 | D:3      | Found a stormy altar of Qazlal.
  1870 | D:3      | Noticed a water elemental
  1870 | D:3      | Noticed a fire elemental
  1870 | D:3      | Noticed an air elemental
  1890 | D:3      | You fall into a shaft and drop 2 floors!
  1890 | D:5      | Entered Level 5 of the Dungeon
  1992 | D:5      | Reached skill level 1 in Stealth
  1994 | D:5      | Reached XP level 6. HP: 7/57 MP: 6/6
  2096 | D:5      | XOM: 7-stop teleportation journey
  2111 | D:5      | XOM: cloud trail
  2159 | D:5      | XOM: potion effect (curing)
  2169 | D:5      | XOM: smoke on damage
  2170 | D:5      | HP: 1/57 [phantom (4)]
  2171 | D:5      | Slain by a phantom

Illustrated notes

Levels and vault maps discovered:
D:1:      minmay_arrival_loop, layout_rooms, basic_ecumenical_altar,
          serial_shops, nicolae_shop_crystal
D:2:      layout_loops_cross, basic_altar, uniq_natasha
D:3:      kennysheep_goblin_castle, layout_basic,
          nicolae_qazlal_style_of_elements, old_standard_altar,
          mainiacjoe_overflow_swirl, mainiacjoe_overflow_boulevard,
          minivault_26, kennysheep_cross_bottleneck, minmay_misc_feat_chi,
          corexii_corridor_pit, uniq_terence
D:5:      layout_basic, minmay_fractal_squares_5

Skill      XL: |  1  2  3  4  5  6 |
---------------+-------------------+-----
Dodging        | 1 2 |  2.0
Armour         | 2 |  2.9
Axes           | 4 |  4.9
Stealth        | 1 |  1.2
Fighting       | 4 |  4.1

Action                   |  1- 3 |  4- 6 || total
-------------------------+-------+-------++-------
Melee: Hand axe          |    97 |    65 ||   162
 Abil: Spit Poison       |     5 |     3 ||     8
  Use: Scroll            |     1 |       ||     1
 Stab: Sleeping          |     1 |       ||     1
Armor: Leather armour    |    57 |    20 ||    77
Dodge: Dodged            |    67 |    33 ||   100

Table legend: (Time is in decaauts)
 A = Elapsed time spent in this place.
 B = Non-inter-level travel time spent in this place.
 C = Inter-level travel time spent in this place.
 D = Time resting spent in this place.
 E = Time spent auto-exploring this place.
 F = Levels seen in this place.
 G = Mean time per level.
                   A        B        C        D        E       F      G
               +--------+--------+--------+--------+--------+-----+--------+
         Total |   2622 |   2622 |      0 |    844 |      0 |   4 |  655.5 |
       Dungeon |   2622 |   2622 |      0 |    844 |      0 |   4 |  655.5 |
               +--------+--------+--------+--------+--------+-----+--------+

Top non-repeatable levels by time:
     D:1: 1006 daAuts
     D:2: 908 daAuts
     D:3: 382 daAuts
     D:5: 324 daAuts
